 Dungeon Crawl Stone Soup version 0.25.1-2-g60ff931df9 (webtiles) character file.

Game seed: 748187104183941492

6274 DogServant the Quickloader (level 10, -7/99 HPs)
             Began as a Gargoyle Hunter on Oct 18, 2020.
             Was a Plaything of Xom.
             Mangled by a killer bee (8 damage)
             ... on level 10 of the Dungeon.
             The game lasted 00:34:06 (11741 turns).

DogServant the Quickloader (Gargoyle Hunter)       Turns: 11741, Time: 00:34:07

Health: -7/99      AC: 25    Str: 20    XL:     10   Next: 94%
Magic:  13/13      EV:  2    Int: 21    God:    Xom [.*....]
Gold:   562        SH:  0    Dex: 16    Spells: 9/9 levels left

rFire    . . .     SeeInvis .   J - +6 flail of Ahotif {holy, Dex+4 Stlth+}
rCold    . . .     Gourm    .   (no shield)
rNeg     + + +     Faith    .   (armour currently unavailable)
rPois    ∞         Spirit   .   (helmet currently unavailable)
rElec    .         Reflect  .   (cloak currently unavailable)
rCorr    .         Harm     .   (gloves currently unavailable)
MR       +....     NoTele   +   (boots currently unavailable)
Stlth    +++.......             L - amulet of regeneration
HPRegen  0.66/turn              o - ring of wizardry
MPRegen  0.13/turn              v - +6 ring of intelligence

@: mighty, tree-form, berserk cooldown, very slightly contaminated, slowed,
studying Fighting, invisible, very slow
A: agile 1, blurry vision 1, clever 2, magic resistance 1, negative energy
resistance 1, petrification resistance, rot immunity, AC +7
a: Renounce Religion


You were on level 10 of the Dungeon.
You worshipped Xom.
You were a plaything of Xom.
You were not hungry.
You were a tree.
You visited 1 branch of the dungeon, and saw 10 of its levels.
You also visited: Ossuary.

You collected 562 gold pieces.

Inventory:

Hand Weapons
 a - a +1 hand crossbow
 n - a +2 arbalest of freezing
 J - the +6 flail of Ahotif (weapon) {holy, Dex+4 Stlth+}
   (You found it on level 6 of the Dungeon)

   It has been blessed by the Shining One to cause great damage to the undead
   and demons.
   It affects your dexterity (+4).
   It makes you more stealthy.
Missiles
 j - 61 poisoned darts (quivered)
 x - 3 javelins
 B - 21 bolts
Armour
 b - a +0 cloak (melded)
 r - a +1 helmet
 w - the +3 ring mail of Too Many Cooks (melded) {rPois Stlth+}
   (Xom gifted it to you on level 6 of the Dungeon)

   It protects you from poison.
   It makes you more stealthy.
 F - a +1 pair of gloves (melded)
Jewellery
 e - an uncursed ring of see invisible
 o - a ring of wizardry (left branch)
 v - a +6 ring of intelligence (right branch)
 z - an uncursed amulet of magic regeneration
 L - an amulet of regeneration (around neck)
Wands
 d - a wand of random effects (6)
 q - a wand of paralysis (9)
 A - a wand of polymorph (3)
 G - a wand of flame (18)
Scrolls
 c - a scroll of magic mapping
 g - a scroll of blinking
 i - a scroll of fog
 p - 9 scrolls of remove curse
 y - 2 scrolls of enchant weapon
 E - 3 scrolls of identify
 O - a scroll of enchant armour
Potions
 k - 3 potions of ambrosia
 l - 4 potions of cancellation
 m - 2 potions of magic
 s - 4 potions of flight
 t - a potion of haste
 u - 4 potions of mutation
 D - 2 potions of brilliance
Books
 M - a manual of Fighting
Comestibles
 f - 11 rations
 N - 10 chunks of flesh


   Skills:
 + Level 9.6 Fighting
 + Level 1.0 Maces & Flails
 + Level 11.5 Crossbows
 - Level 4.0 Armour
 - Level 2.0 Dodging
 - Level 1.1 Stealth
 - Level 4.8 Unarmed Combat
 - Level 4.4 Evocations


You had 9 spell levels left.
You didn't know any spells.
Your spell library contained the following spells:

 Spells                   Type           Power        Failure   Level  Hunger
 Magic Dart               Conj           #...         8%          1    ##.....
 Blink                    Tloc           N/A          11%         2    ###....
 Call Imp                 Summ           #.......     11%         2    ###....
 Searing Ray              Conj           #.....       11%         2    ###....
 Slow                     Hex            #.......     11%         2    ###....
 Conjure Flame            Conj/Fire      #.......     21%         3    ####...
 Dazzling Flash           Conj/Hex       #.....       21%         3    ####...
 Mephitic Cloud           Conj/Pois/Air  #.......     21%         3    ####...
 Fulminant Prism          Conj/Hex       #.........   54%         4    #####..
 Iskenderun's Mystic Bla  Conj/Tloc      #.......     54%         4    #####..


Dungeon Overview and Level Annotations

Branches:
Dungeon (10/15)            Temple (0/1) D:6         Ossuary (visited)
   Lair: D:8-11         Orc: D:9-12

Altars:
Cheibriados
Dithmenos
Elyvilon
Fedhas
Gozag
Kikubaaqudgha
Makhleb
Okawaru
Qazlal
Wu Jian
Xom
The Shining One

Shops:
D:6 :


Innate Abilities, Weirdness & Mutations

You are resistant to torment.
((Your stone body is resilient. (AC +7)))
You are immune to poison.
You resist negative energy. (rN+)
((You are resistant to electric shocks. (rElec)))
((You can survive without breathing.))
You are immune to petrification.
You are immune to rotting.
((Your large and strong wings let you fly indefinitely.))
((You have a pair of small horns on your head.))
((You are partially covered in icy blue scales. (AC +2)))
You are agile. (Dex +2)
((You can translocate small distances at will.))
Scrolls take you a little longer to read.
Your mind is very acute. (Int +4)
You are resistant to hostile enchantments. (MR+)


Message History

The killer bee stings you!
* * * LOW HITPOINT WARNING * * *
The killer bee stings you.
* * * LOW HITPOINT WARNING * * *
The killer bee stings you but does no damage. x2
The queen bee barely misses you.
The killer bee stings you but does no damage.
The queen bee stings you but does no damage.
The killer bee stings you but does no damage.
Okay, then.
You hit the queen bee.
The queen bee is severely wounded.
The killer bee stings you.
* * * LOW HITPOINT WARNING * * *
The killer bee completely misses you.
The killer bee stings you but does no damage. x2
The queen bee stings you but does no damage.
The killer bee stings you!
You die...
Xom titters!

########## #........#
##############........#
...........#y♣........#
.#######...yy#........#
#...###....))..# #.>.#
#.....)..# #...#
#...).)..# #.[.#
####+#####


#yyyyyy...# #.## ########### #.<# ##.# You could see a queen bee and 2 killer
bees.

Vanquished Creatures
  A two-headed ogre (D:9)
  A hippogriff (D:8)
  6 yaks (D:8)
  A wyvern (D:9)
  2 hungry ghosts
  2 orc warriors
  3 sky beasts
  2 ice beasts
  A phantom (D:9)
  2 ogres
  2 centaurs
  A crocodile (D:9)
  2 big kobolds
  4 bullfrogs
  2 elf zombies (D:4)
  A water moccasin zombie (D:5)
  Dowan (D:5)
  3 scorpions
  6 jellies
  15 killer bees
  5 wights (D:7)
  4 crimson imps
  2 bullfrog zombies
  2 hounds
  4 orc priests (D:7)
  A bullfrog skeleton (D:4)
  A human zombie (Ossuary)
  5 orc wizards
  A centaur skeleton (D:4)
  A human skeleton (D:4)
  3 worker ants
  A killer bee zombie (D:6)
  A hound skeleton (D:5)
  4 mummies (Ossuary)
  2 worker ant zombies
  9 adders
  2 shadow imps
  A white imp (D:6)
  7 oozes
  An adder zombie (D:5)
  2 adder skeletons (D:6)
  4 worms
  3 dart slugs
  6 leopard geckos
  26 orcs
  4 ball pythons
  4 bats
  6 giant cockroaches
  5 goblins
  5 hobgoblins
  23 jackals
  5 quokkas
  3 goblin zombies (Ossuary)
  A hobgoblin zombie (Ossuary)
  15 kobolds
  2 kobold zombies (Ossuary)
  A leopard gecko skeleton (D:8)
  An orc skeleton (D:4)
  2 orc zombies
  A quokka skeleton (D:4)
  8 rats
242 creatures vanquished.

Vanquished Creatures (collateral kills)
  Duvessa (D:5)
  A phantom (D:4)
  An ogre (D:5)
  Blork the orc (D:5)
  A howler monkey (D:4)
  A crimson imp (D:5)
  An adder (D:4)
  3 gnolls (D:5)
  A worm (D:4)
  A leopard gecko (D:4)
  An orc (D:4)
  A giant cockroach (D:5)
14 creatures vanquished.

Vanquished Creatures (others)
  A human zombie (D:4)
1 creature vanquished.

Grand Total: 257 creatures vanquished

Notes
Turn   | Place    | Note
-------+----------+-------------------------------------------
     0 | D:1      | DogServant the Gargoyle Hunter began the quest for the Orb.
     0 | D:1      | Reached XP level 1. HP: 12/12 MP: 1/1
    86 | D:1      | Reached XP level 2. HP: 10/17 MP: 2/2
   487 | D:1      | Found a shimmering altar of Xom.
  1069 | D:2      | Reached skill level 5 in Crossbows
  1069 | D:2      | Reached XP level 3. HP: 16/21 MP: 3/3
  1247 | D:1      | Became a worshipper of Xom of Chaos
  1383 | D:1      | XOM: silly message
  1398 | D:1      | Gained mutation: You are partially covered in icy blue
                  | scales. (AC +2) [potion of mutation]
  1398 | D:1      | Gained mutation: You have supernaturally acute eyesight.
                  | (SInv) [potion of mutation]
  1398 | D:1      | Gained mutation: Your mind is acute. (Int +2) [potion of
                  | mutation]
  1582 | D:2      | Reached XP level 4. HP: 14/26 MP: 4/4
  1606 | D:2      | XOM: 1-stop teleportation journey
  1781 | D:2      | XOM: give mutation
  1781 | D:2      | Gained mutation: You have a pair of small horns on your
                  | head. [Xom's grace]
  1792 | D:2      | XOM: enchant monster (good)
  2091 | D:2      | Found a blossoming altar of Fedhas.
  2091 | D:2      | Found an ancient bone altar of Kikubaaqudgha.
  2091 | D:2      | Found a shadowy altar of Dithmenos.
  2091 | D:2      | Found an iron altar of Okawaru.
  2099 | D:2      | Found a stormy altar of Qazlal.
  2104 | D:2      | Found a white marble altar of Elyvilon.
  2566 | D:2      | XOM: 4-stop teleportation journey
  2782 | D:2      | XOM: give mutations
  2782 | D:2      | Gained mutation: You can translocate small distances at
                  | will. [Xom's grace]
  2782 | D:2      | Gained mutation: You are resistant to hostile enchantments.
                  | (MR+) [Xom's grace]
  2782 | D:2      | Gained mutation: Your spells are a little harder to cast,
                  | but a little more powerful. [Xom's grace]
  2853 | D:2      | Found a glowing golden altar of the Shining One.
  2890 | D:2      | XOM: silly message
  3026 | D:3      | Reached skill level 6 in Crossbows
  3072 | D:3      | Found a snail-covered altar of Cheibriados.
  3137 | D:3      | Found an opulent altar of Gozag.
  3293 | D:3      | Reached XP level 5. HP: 30/30 MP: 5/5
  3523 | D:3      | XOM: god gift: scroll labeled GUALISA VAAHOST {god gift}
  3792 | D:3      | XOM: summons 3 hostile demons
  4147 | D:4      | Noticed an ogre
  4154 | D:4      | Killed an ogre
  4155 | D:4      | Noticed a phantom
  4163 | D:4      | Killed a phantom
  4163 | D:4      | Reached XP level 6. HP: 37/37 MP: 6/6
  4197 | D:4      | XOM: cloud trail
  4288 | D:4      | Reached skill level 7 in Crossbows
  4611 | D:4      | XOM: summons 6 friendly demons
  4678 | D:4      | Reached XP level 7. HP: 35/43 MP: 7/7
  4701 | D:4      | Found a sand-covered staircase.
  4717 | D:4      | XOM: confuse monster(s)
  4722 | Ossuary  | Entered an ossuary
  4773 | Ossuary  | XOM: give mutations
  4773 | Ossuary  | Gained mutation: Your large and strong wings let you fly
                  | indefinitely. [Xom's grace]
  4773 | Ossuary  | Gained mutation: You evolve. [Xom's grace]
  4817 | Ossuary  | XOM: summons 1 hostile demon
  5313 | D:4      | Reached skill level 5 in Fighting
  5379 | D:4      | XOM: god gift: scroll labeled YHEACKO BOENA {god gift}
  5384 | D:4      | Identified a scroll of acquirement
  5385 | D:4      | Acquired a +1 arbalest of freezing
  5416 | D:4      | XOM: divine lightning
  5560 | D:4      | XOM: scenery: create altars
  5737 | D:5      | Entered Level 5 of the Dungeon
  5744 | D:5      | Noticed Dowan
  5746 | D:5      | Noticed Duvessa
  5753 | D:5      | Killed Dowan
  5753 | D:5      | Reached skill level 8 in Crossbows
  5761 | D:5      | XOM: blink monster(s)
  5765 | D:5      | HP: 1/44 [Duvessa/cursed -2 short sword (13)]
  5766 | D:5      | XOM: divination: detect creatures
  5769 | D:5      | XOM: noise
  5781 | D:5      | XOM: confuse monster(s)
  6075 | D:4      | XOM: god gift: scale mail {god gift}
  6121 | D:5      | XOM: confuse monster(s)
  6124 | D:5      | Noticed Blork the orc
  6131 | D:5      | Killed Duvessa
  6132 | D:5      | Killed Blork the orc
  6132 | D:5      | Reached XP level 8. HP: 51/51 MP: 8/8
  6344 | D:5      | XOM: give mutations
  6344 | D:5      | Gained mutation: You expend magic power (3 MP) to
                  | strengthen your wands. [Xom's grace]
  6344 | D:5      | Gained mutation: Your mind is very acute. (Int +4) [Xom's
                  | grace]
  6344 | D:5      | Gained mutation: You rapidly evolve. [Xom's grace]
  6868 | D:6      | Reached skill level 9 in Crossbows
  6989 | D:6      | Identified the +2 robe "Cuhoqib" {rElec rF- Stlth+}
  6997 | D:6      | XOM: god gift: glimmering ring mail {god gift}
  7014 | D:6      | Got a glimmering ring mail {god gift}
  7029 | D:6      | Identified the +3 ring mail of Too Many Cooks {rPois
                  | Stlth+} (Xom gifted it to you on level 6 of the Dungeon)
  7068 | D:6      | Lost mutation: You rapidly evolve. [decline of evolution]
  7149 | D:6      | Found a staircase to the Ecumenical Temple.
  7149 | D:6      | XOM: 4-stop teleportation journey
  7282 | D:6      | Got an ichor-stained flail
  7289 | D:6      | Identified the +6 flail of Ahotif {holy, Dex+4 Stlth+} (You
                  | found it on level 6 of the Dungeon)
  7458 | D:6      | Found Piafo's Book Boutique.
  7727 | D:6      | Reached XP level 9. HP: 59/59 MP: 9/9
  7775 | D:6      | XOM: noise
  7783 | D:6      | XOM: summons friendly ufetubus
  7958 | D:6      | Lost mutation: Your spells are a little harder to cast, but
                  | a little more powerful. [evolution]
  7958 | D:6      | Lost mutation: You evolve. [end of evolution]
  8075 | D:7      | Reached skill level 10 in Crossbows
  8075 | D:7      | XOM: chaos upgrade
  8086 | D:7      | XOM: divination: magic mapping
  8539 | D:7      | XOM: potion effect (curing)
  8712 | D:6      | XOM: noise
  8961 | D:7      | Found an ornate altar of the Wu Jian Council.
  9048 | D:7      | XOM: enchant monster (good)
  9050 | D:7      | Reached skill level 1 in Armour
  9055 | D:7      | XOM: confuse monster(s)
  9057 | D:7      | Reached skill level 1 in Unarmed Combat
  9060 | D:7      | Reached skill level 1 in Evocations
  9065 | D:7      | XOM: cast spell 'Metabolic Englaciation'
  9268 | D:7      | XOM: silly message
  9573 | D:8      | XOM: divination: magic mapping
  9582 | D:8      | XOM: noise
  9585 | D:8      | XOM: divination: magic mapping
  9602 | D:8      | Reached XP level 10. HP: 54/66 MP: 11/11
  9723 | D:8      | XOM: cast spell 'Alistair's Intoxication'
  9831 | D:8      | XOM: cast spell 'Summon Ice Beast'
  9838 | D:8      | XOM: noise
  9844 | D:8      | XOM: silly message
  9853 | D:8      | XOM: divination: detect items
  9864 | D:8      | Reached skill level 11 in Crossbows
  9874 | D:8      | XOM: noise
 10140 | D:8      | XOM: divination: magic mapping
 10229 | D:8      | XOM: silly message
 10271 | D:8      | XOM: silly message
 10362 | D:8      | XOM: summons 4 hostile shadow creatures
 10473 | D:8      | Found a burning altar of Makhleb.
 10777 | D:9      | Noticed a two-headed ogre
 10778 | D:9      | XOM: scenery: 1 doors open
 10867 | D:9      | XOM: god gift: spear {god gift}
 11000 | D:9      | XOM: summons 4 hostile demons
 11009 | D:9      | XOM: chaos upgrade
 11028 | D:9      | XOM: confuse monster(s)
 11030 | D:9      | XOM: give mutations
 11030 | D:9      | Lost mutation: You have supernaturally acute eyesight.
                  | (SInv) [Xom's mischief]
 11030 | D:9      | Gained mutation: Scrolls take you a little longer to read.
                  | [Xom's mischief]
 11030 | D:9      | Gained mutation: You are agile. (Dex +2) [Xom's mischief]
 11032 | D:9      | Killed a two-headed ogre
 11036 | D:9      | XOM: swap monsters
 11349 | D:9      | XOM: 1-stop teleportation journey
 11382 | D:9      | XOM: give mutations
 11382 | D:9      | Lost mutation: Scrolls take you a little longer to read.
                  | [Xom's mischief]
 11382 | D:9      | Gained mutation: You are frail. (-10% HP) [Xom's mischief]
 11382 | D:9      | Lost mutation: You expend magic power (3 MP) to strengthen
                  | your wands. [Xom's mischief]
 11382 | D:9      | Gained mutation: Scrolls take you a little longer to read.
                  | [Xom's mischief]
 11638 | D:10     | XOM: stealth player
 11638 | D:10     | Entered Level 10 of the Dungeon
 11651 | D:10     | XOM: blink monster(s)
 11722 | D:10     | XOM: scenery: 1 doors close
 11734 | D:10     | XOM: give mutation
 11734 | D:10     | Lost mutation: You are frail. (-10% HP) [Xom's mischief]
 11737 | D:10     | Reached skill level 1 in Maces & Flails
 11739 | D:10     | HP: 3/99 [killer bee (8)]
 11741 | D:10     | HP: 1/99 [killer bee (2)]
 11741 | D:10     | Mangled by a killer bee

Illustrated notes

Levels and vault maps discovered:
D:1:      lightli_arrival_boilingwater, layout_loops_ring, corner_web_ring,
          xom_teletrap_fun
D:2:      layout_loops_corners, minmay_overflow_temple_hex, tso_oasis_becter,
          serial_park_tiny_2
D:3:      layout_basic, old_standard_altar, kennysheep_slug_shrine
D:4:      layout_loops_ring, nicolae_ossuary_entry_catacombs
D:5:      layout_gridville, first_ration, st_stairs_8, uniq_duvessa,
          uniq_blork_the_orc
D:6:      layout_basic, minmay_temple_entry_large_hall, serial_shops, shop
D:7:      layout_rooms, kennysheep_little_box
D:8:      layout_loops_ring, nicolae_overflow_hidden_temple
D:9:      layout_small_grid, hangedman_little_slice_of_home,
          minmay_variable_closet, minmay_misc_feat_rows
D:10:     layout_roguey, serial_shops, nicolae_shop_trees, special_room
          [special_room_bee], corexii_leaking_fountain, kennysheep_small_square,
          uniq_maurice

Skill      XL: |  1  2  3  4  5  6  7  8  9 10 |
---------------+-------------------------------+-----
Crossbows      | 5 6 7 8 9 10 11 | 11.5
Fighting       | 3 4 5 7 9 |  9.6
Armour         | 2 4 |  4.0
Unarmed Combat | 2 4 |  4.8
Evocations     | 1 4 |  4.4
Dodging        | 2 |  2.0
Maces & Flails | 1 |  1.0
Stealth        | |  1.1

Action                   |  1- 3 |  4- 6 |  7- 9 | 10-12 || total
-------------------------+-------+-------+-------+-------++-------
Melee: Short sword       |   104 |   260 |   231 |       ||   595
       Headbutt          |       |    44 |    77 |    40 ||   161
       Falchion          |       |    15 |       |       ||    15
       Unarmed           |       |       |    23 |       ||    23
       Flail             |       |       |   102 |   176 ||   278
       Arbalest          |       |       |    19 |       ||    19
       Punch             |       |       |       |     1 ||     1
 Fire: Hand crossbow     |    24 |    17 |    16 |       ||    57
       Arbalest          |       |       |    84 |    19 ||   103
Throw: Dart              |       |    11 |    48 |     5 ||    64
Evoke: Wand              |       |       |     3 |     1 ||     4
  Use: Scroll            |     6 |     3 |    11 |     6 ||    26
       Potion            |     1 |     1 |     7 |     9 ||    18
 Stab: Sleeping          |     1 |     1 |     8 |     3 ||    13
       Distracted        |       |       |     1 |       ||     1
       Confused          |       |       |       |     1 ||     1
  Eat: Chunk             |     2 |    10 |     7 |     2 ||    21
       Ration            |       |       |     4 |     2 ||     6
Armor: Leather armour    |    41 |   154 |    37 |       ||   232
       Scale mail        |       |       |    76 |       ||    76
       Skin              |       |       |     6 |    86 ||    92
       Ring mail         |       |       |   136 |   148 ||   284
Dodge: Dodged            |    63 |   200 |   304 |   163 ||   730
       Rpst.: Falchion   |       |     3 |       |       ||     3
